 Dungeon Crawl Stone Soup version 0.23.2 (webtiles) character file.

Game seed: 7556573389447227388

49538 Fang the Fighter (level 14, -9/96 HPs)
             Began as a Gargoyle Berserker on Apr 9, 2019.
             Was a High Priest of Trog.
             Mangled by a death yak (14 damage)
             ... on level 6 of the Lair of Beasts.
             The game lasted 00:21:22 (19222 turns).

Fang the Fighter (Gargoyle Berserker)              Turns: 19222, Time: 00:21:23

Health: -9/96      AC: 27    Str: 25    XL:     14   Next: 51%
Magic:  4/4        EV: 16    Int:  9    God:    Trog [*****.]
Gold:   897        SH:  0    Dex:  9    Spells: 13/13 levels left

rFire    + . .     SeeInvis +   h - +3 broad axe (antimagic)
rCold    . . .     Gourm    .   (no shield)
rNeg     + . .     Faith    .   b - +1 plate armour
rPois    ∞         Spirit   .   (no helmet)
rElec    +         Reflect  .   (no cloak)
rCorr    .         Harm     .   (no gloves)
MR       +....                  (no boots)
Stlth    ..........             B - amulet of the Air {Inacc +Fly rElec EV+5 RMsl}
HPRegen  0.26/turn              n - ring of see invisible
MPRegen  0.09/turn              E - ring of protection from fire

@: berserk cooldown, flying, slowed, repel missiles, very slow
A: big wings, negative energy resistance 1, electricity resistance, unbreathing,
petrification resistance, rot immunity, AC +10
a: Stop Flying, Berserk, Trog's Hand, Brothers in Arms, Renounce Religion


You were on level 6 of the Lair of Beasts.
You worshipped Trog.
Trog was extremely pleased with you.
You were not hungry.

You visited 3 branches of the dungeon, and saw 16 of its levels.
You also visited: Sewer.

You collected 897 gold pieces.

Inventory:

Hand Weapons
 a - a +3 war axe
 h - a +3 antimagic broad axe (weapon)
Armour
 b - a +1 plate armour (worn)
Jewellery
 n - a ring of see invisible (left hand)
 B - the amulet of the Air (around neck) {Inacc +Fly rElec EV+5 RMsl}
   (You found it on level 3 of the Lair of Beasts)

   [amulet of inaccuracy]

   It reduces the accuracy of all your attacks.
   It affects your evasion (+5).
   It insulates you from electricity.
   It lets you fly.
   It protects you from missiles.
 E - a ring of protection from fire (right hand)
Wands
 s - a wand of random effects (14)
 v - a wand of digging (3)
 x - a wand of flame (40)
 A - a wand of polymorph (30)
Scrolls
 f - 3 scrolls of fear
 k - 4 scrolls of blinking
 m - a scroll of magic mapping
 q - 10 scrolls of remove curse
 u - 6 scrolls of identify
 w - 3 scrolls of teleportation
 y - 4 scrolls of fog
Potions
 d - 4 potions of agility
 e - 6 potions of curing
 g - a potion of mutation
 i - 4 potions of flight
 j - a potion of invisibility
 l - a potion of berserk rage
 o - a potion of cancellation
 p - 3 potions of heal wounds
 r - a potion of magic
 t - 3 potions of brilliance
 z - 4 potions of haste
 D - a potion of might
Comestibles
 c - 18 rations


   Skills:
 + Level 14.4 Fighting
 + Level 12.3 Axes
 + Level 12.8 Armour
 + Level 10.1 Dodging


You had 13 spell levels left.
You didn't know any spells.
Your spell library was empty.

Dungeon Overview and Level Annotations

Branches:
Dungeon (9/15)             Temple (1/1) D:6            Lair (6/6) D:9
 Shoals (0/4) Lair:4        Snake (0/4) Lair:4        Slime (0/5) Lair:5
    Orc (0/2) D:9

Altars:
Dithmenos
Elyvilon
Kikubaaqudgha
Nemelex Xobeh
Trog
Uskayaw
Wu Jian
Xom
Yredelemnul
The Shining One
Jiyva

Shops:
D:6 (   D:9 !((=


Innate Abilities, Weirdness & Mutations

You are resistant to torment.
Your stone body is resilient. (AC +10)
You are immune to poison.
Your large and strong wings let you fly indefinitely.
You resist negative energy. (rN+)
You are resistant to electric shocks. (rElec)
You can survive without breathing.
You are immune to petrification.
You are immune to rotting.


Message History

You feel yourself slow down. The death yak gores you.
* * * LOW HITPOINT WARNING * * *
You closely miss the death yak.
The death yak is severely wounded.
The death yak gores you!
* * * LOW HITPOINT WARNING * * *
You hit the death yak but do no damage.
The death yak is severely wounded.
The death yak gores you but does no damage.
You hit the death yak.
The death yak is severely wounded.
The death yak gores you but does no damage.
The death yak closely misses you.
You slash the death yak!
The death yak is almost dead.
The death yak closely misses you.
You hit the death yak but do no damage.
The death yak is almost dead.
The death yak gores you!
You die...

..≈.≈............... .
..≈................. .
..≈.........##.##.## .
#≈≈≈......######
#≈≈.#P..###.########### .
.P.......#P.P...#.....# #
...................... .
...........†Y........ [
............@...P### ... P
#..........†....P..#####..###
##...............P#.#.##.....
.............................
.............................
.#..Y.#.###.##..P..#........#
##...........###...######....##
.P.......#..#.#....###P#.......
.......Y...
.....................


You could see a death yak.

Vanquished Creatures
  A hydra (Lair:6)
  4 catoblepae (Lair:6)
  2 two-headed ogres
  22 death yaks
  Pikel (D:4)
  2 oklob plants (Lair:1)
  4 elephants (Lair:3)
  3 manticores
  2 black mambas
  12 spiny frogs
  4 rime drakes
  7 komodo dragons
  A polar bear (Lair:5)
  Grinder (D:5)
  Prince Ribbit (D:7)
  7 dream sheep (Lair:6)
  7 blink frogs (Lair:6)
  5 hippogriffs
  A spriggan (D:7)
  A basilisk (Lair:6)
  17 yaks (Lair:6)
  2 hungry ghosts
  Edmund (D:6)
  4 nagas (Lair:4)
  9 water moccasins
  Purgy (D:4)
  6 porcupines
  2 black bears (D:9)
  3 phantoms
  4 sky beasts
  A slave (D:4)
  3 orc warriors
  4 ogres
  A centaur (D:5)
  9 wolves
  12 crocodiles
  10 bullfrogs
  A big kobold (D:7)
  A wyvern skeleton (D:8)
  3 scorpions
  4 killer bees (D:7)
  A centaur zombie (D:8)
  3 jellies
  Crazy Yiuf (D:4)
  An orc priest (D:5)
  5 hounds
  A quasit (D:9)
  6 orc wizards
  2 bullfrog skeletons
  4 iguanas
  Natasha (thrice) (D:2)
  4 hell rats (Lair:6)
  5 worker ants
  A worker ant zombie (D:7)
  11 gnolls
  12 adders
  A shadow imp (D:5)
  3 oozes
  2 worms (D:4)
  2 dart slugs (D:1)
  6 leopard geckos
  40 orcs
  8 giant cockroaches
  9 goblins
  5 hobgoblins
  9 jackals
  9 kobolds
  4 quokkas
  3 bats
  3 frilled lizards
  A leopard gecko skeleton (D:5)
  A quokka zombie (D:5)
  3 rats
  4 fungi
  9 plants
368 creatures vanquished.

Vanquished Creatures (collateral kills)
  Snorg (Lair:3)
  A porcupine (Lair:4)
2 creatures vanquished.

Vanquished Creatures (others)
  A quokka (D:4)
  2 rats (D:4)
  A bush (Lair:6)
  11 fungi
  9 plants (Lair:6)
24 creatures vanquished.

Grand Total: 394 creatures vanquished

Notes
Turn   | Place    | Note
-------+----------+-------------------------------------------
     0 | D:1      | Fang the Gargoyle Berserker began the quest for the Orb.
     0 | D:1      | Reached XP level 1. HP: 14/14 MP: 1/1
    70 | D:1      | Reached XP level 2. HP: 12/19 MP: 2/2
   444 | D:1      | Reached XP level 3. HP: 16/23 MP: 3/3
   935 | D:1      | Found a sparkling altar of Nemelex Xobeh.
  1182 | D:2      | Found a shadowy altar of Dithmenos.
  1300 | D:2      | Reached XP level 4. HP: 29/29 MP: 4/4
  1352 | D:2      | Noticed Natasha
  1353 | D:2      | Found a basalt altar of Yredelemnul.
  1360 | D:2      | Reached ** piety under Trog
  1366 | D:2      | Killed Natasha
  1366 | D:2      | Reached skill level 4 in Fighting
  1708 | D:2      | Noticed Natasha
  1713 | D:2      | Killed Natasha
  1713 | D:2      | Reached XP level 5. HP: 25/33 MP: 5/5
  1948 | D:2      | Noticed Natasha
  1974 | D:2      | Killed Natasha
  2430 | D:3      | Found a sparkling altar of Nemelex Xobeh.
  2918 | D:4      | Reached XP level 6. HP: 23/39 MP: 6/6
  2945 | D:4      | Found a bloodstained altar of Trog.
  2991 | D:4      | Reached *** piety under Trog
  2991 | D:4      | Noticed Pikel
  2995 | D:4      | Noticed a slave
  2997 | D:4      | Noticed a slave
  2997 | D:4      | Noticed a slave
  3000 | D:4      | Noticed a slave
  3010 | D:4      | Killed a slave
  3011 | D:4      | Killed Pikel
  3011 | D:4      | Reached skill level 5 in Fighting
  3011 | D:4      | Reached skill level 5 in Armour
  3011 | D:4      | Reached XP level 7. HP: 28/44 MP: 7/7
  3199 | D:4      | Found a glowing drain.
  3232 | Sewer    | Entered a sewer
  3249 | Sewer    | Reached XP level 8. HP: 44/51 MP: 8/8
  3836 | D:4      | Noticed Purgy
  3864 | D:4      | Killed Purgy
  3864 | D:4      | Reached skill level 6 in Fighting
  3864 | D:4      | Reached skill level 5 in Axes
  4115 | D:4      | Found a runed translucent door.
  4116 | D:4      | Noticed Crazy Yiuf
  4265 | D:4      | Found an ornate altar of the Wu Jian Council.
  4550 | D:4      | Killed Crazy Yiuf
  4645 | D:5      | Entered Level 5 of the Dungeon
  5302 | D:5      | Noticed Grinder
  5307 | D:5      | Paralysed by Grinder for 2 turns
  5329 | D:5      | Paralysed by Grinder for 2 turns
  5342 | D:5      | Killed Grinder
  5342 | D:5      | Reached skill level 7 in Fighting
  5342 | D:5      | Reached XP level 9. HP: 57/57 MP: 9/9
  5617 | D:6      | Found a staircase to the Ecumenical Temple.
  5632 | D:6      | Reached skill level 5 in Dodging
  5636 | Temple   | Entered the Ecumenical Temple
  5786 | D:6      | Found a hide-covered altar of Uskayaw.
  5804 | D:6      | Reached **** piety under Trog
  5839 | D:6      | Found Ywuak's Antique Weapon Emporium.
  5901 | D:6      | Noticed Edmund
  5918 | D:6      | Killed Edmund
  6101 | D:6      | Found a white marble altar of Elyvilon.
  6101 | D:6      | Found a shimmering altar of Xom.
  6102 | D:6      | Found a glowing golden altar of the Shining One.
  6299 | D:6      | Paralysed by fainting for 10 turns
  6904 | D:7      | Noticed Prince Ribbit
  6915 | D:7      | Killed Prince Ribbit
  6915 | D:7      | Reached skill level 8 in Fighting
  7075 | D:7      | Reached XP level 10. HP: 64/64 MP: 10/10
  7351 | D:8      | Reached ***** piety under Trog
  7407 | D:8      | Identified the cursed +1 hunting sling of Madoc Bay {speed,
                  | Str+3 Dex-2 Stlth+}
  7597 | D:8      | Noticed a two-headed ogre
  7605 | D:8      | Killed a two-headed ogre
  7683 | D:8      | Reached skill level 9 in Fighting
  7693 | D:8      | Found a sparkling altar of Nemelex Xobeh.
  7938 | D:9      | Found a staircase to the Lair.
  7993 | D:9      | Found an ancient bone altar of Kikubaaqudgha.
  7997 | D:9      | Received a gift from Trog
  8129 | D:9      | Reached skill level 11 in Fighting
  8129 | D:9      | Reached XP level 11. HP: 40/74 MP: 3/11
  8540 | D:9      | Found Soehyco's Weapon Shop.
  8589 | D:9      | Found Rapremar's Jewellery Shoppe.
  8621 | D:9      | Found a staircase to the Orcish Mines.
  8704 | D:9      | Noticed a two-headed ogre
  8718 | D:9      | Killed a two-headed ogre
  9245 | D:9      | Found Zeiklye's Antique Weapon Boutique.
  9270 | D:9      | Found Ziebluwn's Distillery.
  9349 | Lair:1   | Entered Level 1 of the Lair of Beasts
  9387 | Lair:1   | Reached skill level 10 in Axes
  9387 | Lair:1   | Reached XP level 12. HP: 68/80 MP: 4/12
 10747 | Lair:2   | Reached skill level 12 in Fighting
 11699 | Lair:3   | Reached skill level 10 in Armour
 11839 | Lair:3   | Noticed Snorg
 11854 | Lair:3   | Killed Snorg
 12976 | Lair:3   | Found the amulet of the Air {Inacc +Fly rElec EV+5 RMsl}
 13253 | Lair:4   | Found a staircase to the Shoals.
 13352 | Lair:4   | Found a frozen archway.
 13494 | Lair:4   | Found a staircase to the Snake Pit.
 13574 | Lair:4   | Noticed a death yak
 13574 | Lair:4   | Noticed a death yak
 13574 | Lair:4   | Noticed a death yak
 13574 | Lair:4   | Noticed a death yak
 13575 | Lair:4   | Noticed a death yak
 13575 | Lair:4   | Noticed a death yak
 13582 | Lair:4   | Killed a death yak
 13582 | Lair:4   | Killed a death yak
 13587 | Lair:4   | Killed a death yak
 13587 | Lair:4   | Reached XP level 13. HP: 87/87 MP: 4/13
 13796 | Lair:4   | Reached skill level 13 in Fighting
 15319 | Lair:5   | Found a viscous altar of Jiyva.
 15319 | Lair:5   | Found a staircase to the Slime Pits.
 15637 | Lair:6   | Entered Level 6 of the Lair of Beasts
 17552 | Lair:6   | Gained mutation: Your large and strong wings let you fly
                  | indefinitely. [Gargoyle growth]
 17552 | Lair:6   | Reached XP level 14. HP: 36/95 MP: 4/14
 17963 | Lair:6   | Reached skill level 14 in Fighting
 18484 | Lair:6   | HP: 4/96 [death yak (13)]
 19015 | Lair:5   | Reached skill level 10 in Dodging
 19218 | Lair:6   | HP: 3/96 [death yak (8)]
 19222 | Lair:6   | Mangled by a death yak

Skill      XL: |  1  2  3  4  5  6  7  8  9 10 11 12 13 14 |
---------------+-------------------------------------------+-----
Axes           | 3 4 5 6 9 10 11 12 | 12.3
Dodging        | 2 3 4 6 7 8 9 10 | 10.1
Armour         | 3 5 6 7 9 10 12 | 12.8
Fighting       | 4 5 7 8 11 12 13 14 | 14.4

Action                   |  1- 3 |  4- 6 |  7- 9 | 10-12 | 13-15 || total
-------------------------+-------+-------+-------+-------+-------++-------
Melee: Hand axe          |   239 |   163 |   239 |       |       ||   641
       War axe           |       |       |   241 |   149 |       ||   390
       Unarmed           |       |       |     4 |       |       ||     4
       Broad axe         |       |       |       |   263 |   428 ||   691
Invok: Berserk           |     1 |     3 |     4 |     6 |    10 ||    24
       Brothers in Arms  |       |       |       |     2 |       ||     2
       Trog's Hand       |       |       |       |       |     3 ||     3
 Abil: Fly               |       |       |       |       |     1 ||     1
  Use: Scroll            |       |       |    15 |     8 |     7 ||    30
       Potion            |       |       |       |     1 |     4 ||     5
 Stab: Sleeping          |     2 |       |       |       |       ||     2
       Petrified         |       |       |       |       |     2 ||     2
  Eat: Chunk             |     3 |     4 |    19 |    22 |    16 ||    64
       Ration            |       |     1 |     1 |     2 |     4 ||     8
Armor: Animal skin       |    28 |    28 |       |       |       ||    56
       Plate armour      |       |   125 |   402 |   348 |   343 ||  1218
       Skin              |       |       |     2 |       |       ||     2
Dodge: Dodged            |    61 |   106 |   235 |   244 |   281 ||   927
